 Dungeon Crawl Stone Soup version 0.20.0-15-g7f486f2 (webtiles) character file.

247 miragecloak the Cudgeler (level 6, 0/47 HPs)
             Began as a Formicid Abyssal Knight on June 26, 2017.
             Was a Believer of Lugonu.
             Succumbed to a water moccasin's poison
             ... on level 4 of the Dungeon.
             The game lasted 00:06:10 (4337 turns).

miragecloak the Cudgeler (Formicid Abyssal Knight)  Turns: 4337, Time: 00:06:11

Health: 0/47       AC: 11    Str: 16    XL:     6   Next: 33%
Magic:  7/7        EV: 11    Int: 12    God:    Lugonu [**....]
Gold:   122        SH:  0    Dex: 12    Spells: 5/5 levels left

rFire    . . .     SeeInvis +   v - +2 mace (protect)
rCold    . . .     Gourm    .   (no shield)
rNeg     + . .     Faith    .   b - +0 leather armour
rPois    .         Spirit   .   (helmet unavailable)
rElec    .         Reflect  .   (no cloak)
rCorr    .         Harm     .   i - +0 pair of gloves
MR       .....                  (no boots)
Stlth    +.........             (no amulet)
Regen    0.2/turn               k - ring of positive energy
MPRegen  0.1/turn               (no ring)

@: lethally poisoned (0 -> -29), protection aura
A: permanent stasis, dig shafts and tunnels, four strong arms, antennae 3
a: Dig, Shaft Self, Depart the Abyss, Bend Space, Renounce Religion


You were on level 4 of the Dungeon.
You worshipped Lugonu.
Lugonu was pleased with you.
You were not hungry.

You visited 1 branch of the dungeon, and saw 4 of its levels.
You visited the Abyss 1 time.

You collected 122 gold pieces.

Inventory:

Hand Weapons
 v - a +2 mace of protection (weapon)
Armour
 b - a +0 leather armour (worn)
 i - a +0 pair of gloves (worn)
Jewellery
 k - a ring of positive energy (left hand)
 u - an uncursed ring of see invisible {unknown}
 w - an uncursed ring of flight {unknown}
Wands
 a - a wand of polymorph (21/24)
Scrolls
 d - 3 scrolls of identify {unknown}
 e - a scroll of fear {unknown}
 j - 6 scrolls of remove curse {unknown}
 m - a scroll of recharging {unknown}
 p - a scroll of amnesia {unknown}
 r - 2 scrolls of teleportation {unknown}
 y - a scroll of blinking {unknown}
Potions
 f - 2 potions of curing {unknown}
 g - a potion of berserk rage
 l - a potion of agility {unknown}
 n - a potion of flight {unknown}
 o - a potion of resistance {unknown}
 s - a potion of might {unknown}
 t - a potion of brilliance {unknown}
 x - a potion of magic {unknown}
Comestibles
 c - 4 bread rations
 h - 3 royal jellies
 q - 2 meat rations
 z - a chunk of flesh


   Skills:
 - Level 3.2 Fighting
 + Level 6.2 Maces & Flails
 - Level 2.1 Armour
 - Level 0.8 Dodging
 - Level 2.1 Invocations


You had 5 spell levels left.
You didn't know any spells.

Dungeon Overview and Level Annotations

Branches:
Dungeon (4/15)
 Temple: D:4-7

Altars:
Elyvilon
Gozag
Makhleb
Okawaru
Qazlal
Sif Muna
Uskayaw
Xom
Zin
The Shining One


Innate Abilities, Weirdness & Mutations

You cannot be hasted, slowed, berserked, paralysed or teleported.
You can dig through walls and to a lower floor.
Your four strong arms can wield two-handed weapons with a shield.
You have a pair of large antennae on your head. (SInv)


Message History

The water moccasin is heavily wounded.
You feel sick. The water moccasin bites you. x2
You are more poisoned.
The water moccasin poisons you!
You hit the water moccasin.
The water moccasin is heavily wounded.
* * * LOW HITPOINT WARNING * * *
You feel very sick. The water moccasin closely misses you.
The water moccasin bites you but does no damage.
You hit the water moccasin.
The water moccasin is heavily wounded.
* * * LOW HITPOINT WARNING * * *
You feel very sick. The water moccasin bites you!
* * * LOW HITPOINT WARNING * * *
Unknown command.
It was a potion of berserk rage.
Your stasis prevents you from going berserk.
You die...

.#.# #.........# #......#
.#.###############
###.###### ....... #.#.....#
..)###############.#.#.#.#.#
...................#.#.#.#.#
#..########.######.#.#.#.# .
..............# #.#.#.# .#
#..##########.####.#.#.#.# #
..>...# #......@S.#.#.#.#
......# #.##.######.#.#.#
......# #...........#.#
......# #####..........#
......# #......#########
......###......#
##......#......#
......#......#
......#......#


You could see a water moccasin.

Vanquished Creatures
  2 orc wizards
  2 worker ants (D:4)
  4 adders
  An ooze (D:1)
  3 worms
  2 dart slugs
  3 leopard geckos
  4 orcs
  3 ball pythons
  7 giant cockroaches
  12 goblins
  9 hobgoblins
  4 jackals (D:2)
  7 bats
  6 frilled lizards
  3 kobolds
  11 rats
83 creatures vanquished.

Notes
Turn   | Place    | Note
-------+----------+-------------------------------------------
     0 | Abyss:1  | miragecloak the Formicid Abyssal Knight began the quest for the Orb.
     0 | Abyss:1  | Reached XP level 1. HP: 18/18 MP: 2/2
    71 | Abyss:1  | Noticed a large abomination
    72 | D:1      | Escaped the Abyss
   285 | D:1      | Reached XP level 2. HP: 16/24 MP: 3/3
   514 | D:1      | Reached * piety under Lugonu
   514 | D:1      | Reached skill level 3 in Maces & Flails
   597 | D:1      | Reached XP level 3. HP: 25/29 MP: 4/4
  1204 | D:2      | Reached skill level 4 in Maces & Flails
  1204 | D:2      | Reached XP level 4. HP: 32/35 MP: 5/5
  1301 | D:2      | Noticed an angel
  1302 | D:2      | Found a glowing silver altar of Zin.
  1303 | D:2      | Found a shimmering altar of Xom.
  1471 | D:2      | Reached ** piety under Lugonu
  2058 | D:3      | Reached XP level 5. HP: 18/41 MP: 6/6
  2624 | D:3      | HP: 1/41 [orc/mace of protection (6)]
  2970 | D:2      | Reached skill level 5 in Maces & Flails
  3195 | D:3      | Found an opulent altar of Gozag.
  3197 | D:3      | Found a deep blue altar of Sif Muna.
  3197 | D:3      | Found a burning altar of Makhleb.
  3197 | D:3      | Found a hide-covered altar of Uskayaw.
  3198 | D:3      | Found a stormy altar of Qazlal.
  3198 | D:3      | Found a white marble altar of Elyvilon.
  3198 | D:3      | Found a glowing golden altar of the Shining One.
  3198 | D:3      | Found an iron altar of Okawaru.
  4082 | D:4      | Reached skill level 6 in Maces & Flails
  4082 | D:4      | Reached XP level 6. HP: 44/47 MP: 7/7
  4316 | D:4      | Noticed a water moccasin
  4336 | D:4      | HP: 2/47 [water moccasin (8)]
  4337 | D:4      | Succumbed to a water moccasin's poison

Skill      XL: |  1  2  3  4  5 |
---------------+----------------+-----
Maces & Flails | 3 4 6 |  6.2
Fighting       | |  3.2
Armour         | |  2.1
Dodging        | |  0.8
Invocations    | |  2.1

Action                   |  1- 3 |  4- 6 || total
-------------------------+-------+-------++-------
Melee: Mace              |    96 |   229 ||   325
Invok: Depart the Abyss  |     1 |       ||     1
  Use: Potion            |       |     1 ||     1
  Eat: Chunk             |     1 |    10 ||    11
Armor: Leather armour    |    40 |    84 ||   124
Dodge: Dodged            |    70 |   126 ||   196
